 Dungeon Crawl Stone Soup version 0.29.1-1-gd02db6906a (webtiles) character file.

Game seed: 367401976715120163

386 JohnEldenRing the Covered (level 6, -1/53 HPs)
             Began as a Minotaur Berserker on Sept 29, 2022.
             Was a Believer of Trog.
             Slain by an orc wizard
             ... wielding a +0 dagger
              (3 damage)
             ... on level 4 of the Dungeon.
             The game lasted 00:07:17 (1030 turns).

JohnEldenRing the Covered (Minotaur Berserker)      Turns: 1030, Time: 00:07:17

Health: -1/53      AC:  4    Str: 24    XL:     6   Next: 48%
Magic:  5/5        EV: 13    Int:  4    God:    Trog [**....]
Gold:   53         SH:  0    Dex:  9    Spells: 5/5 levels left

rFire   + . .      SeeInvis .   c - +2 spear (venom)
rCold   . . .      Faith    .   (no shield)
rNeg    . . .      Spirit   .   e - +1 leather armour {rF+}
rPois   .          Reflect  .   (helmet restricted)
rElec   .          Harm     .   (no cloak)
rCorr   .          Rampage  .   (no gloves)
Will    .....                   (no boots)
Stlth   ..........              (no amulet)
HPRegen 0.17/turn               (no ring)
MPRegen 0.09/turn               (no ring)

@: mighty, silenced, weak-willed, on berserk cooldown, slowed, very slow
A: horns 2, retaliatory headbutt
a: Renounce Religion


You were on level 4 of the Dungeon.
You worshipped Trog.
Trog was pleased with you.
You visited 1 branch of the dungeon, and saw 5 of its levels.

You collected 53 gold pieces.

Inventory:

Hand Weapons
 a - a +0 hand axe
 c - a +2 spear of venom (weapon)
Armour
 e - a +1 leather armour of fire resistance (worn)
 i - a +0 plate armour
Wands
 n - a wand of flame (7)
Scrolls
 g - 2 scrolls of vulnerability
 l - a scroll of torment {unknown}
 m - a scroll of poison {unknown}
Potions
 b - a potion of curing {unknown}
 f - a potion of attraction {unknown}
 j - a potion of heal wounds {unknown}
 k - a potion of haste


   Skills:
 + Level 4.4 Fighting
 - Level 3.6 Axes
 - Level 5.8 Armour
 - Level 5.3 Dodging


You had 5 spell levels left.
You didn't know any spells.
Your spell library was empty.

Dungeon Overview and Level Annotations

Branches:
Dungeon (5/15)
 Temple: D:4-7

Altars:

Annotations:
D:4 Eustachio


Innate Abilities, Weirdness & Mutations

You have a pair of horns on your head.
You reflexively headbutt those who attack you in melee.


Message History

The ufetubus barely misses you. You furiously retaliate!
You headbutt the ufetubus!
You kill the ufetubus!
The ufetubus disappears in a puff of smoke!
Eustachio closely misses you.
Something hits you but does no damage. x2
The ufetubus misses you. x2; The rat closely misses you.
The quasit barely misses you.
The quasit claws you but does no damage.
The quasit closely misses you. Eustachio barely misses you.
Something barely misses you. Something hits you but does no damage.
The ufetubus barely misses you.
The ufetubus hits you but does no damage.
The quasit closely misses you.
The quasit claws you but does no damage.
The quasit closely misses you. The rat misses you.
You closely miss Eustachio.
Eustachio is heavily wounded.
The ufetubus hits you. The ufetubus closely misses you.
The quokka barely misses you. Eustachio misses you. You furiously retaliate!
You headbutt Eustachio! The quasit closely misses you. The quasit misses you.
The quasit claws you. Something hits you. x2
* * * LOW HITPOINT WARNING * * *
The ufetubus hits you.
* * * LOW HITPOINT WARNING * * *
The ufetubus hits you.
* * * LOW HITPOINT WARNING * * *
The rat closely misses you.
The quokka bites you but does no damage.
You puncture Eustachio!
Eustachio is almost dead.
The ufetubus hits you but does no damage.
The ufetubus hits you.
* * * LOW HITPOINT WARNING * * *
The quasit closely misses you.
The quasit claws you but does no damage. x2
Eustachio hits you with a +1 vampiric falchion.
* * * LOW HITPOINT WARNING * * *
Eustachio draws strength from your wounds!
Something hits you but does no damage. Something hits you.
You die...

..............
.##.................##.
###....................
............. ........
............. #.....#
.##....<##... #.....#
.##.....#######.....#
.##............r5...#
###............@@5..#
.#.^.........##r{...#
.##.....##...########
.##.....##...#
.##.....#....+
###.....#....#
#.......#....#
#.......#....#
........#....#


You could see Eustachio (weak-willed), a quasit (summoned), an ufetubus
(summoned), a quokka (summoned) and a rat (summoned).

Vanquished Creatures
  Menkaure (D:4)
  A necrophage (D:4)
  A scorpion (D:4)
  An orc priest (D:5)
  2 orc wizards
  4 adders
  A worm (D:4)
  4 orcs
  A ball python (D:2)
  2 endoplasms
  3 giant cockroaches
  4 goblins
  A hobgoblin (D:4)
  A bat (D:3)
  3 kobolds
  A rat (D:3)
31 creatures vanquished.

Notes
Turn   | Place    | Note
-------+----------+-------------------------------------------
     0 | D:1      | JohnEldenRing the Minotaur Berserker began the quest for
                  | the Orb.
     0 | D:1      | Reached XP level 1. HP: 19/19 MP: 0/0
   294 | D:2      | Reached XP level 2. HP: 25/26 MP: 1/1
   340 | D:3      | Reached XP level 3. HP: 31/31 MP: 2/2
   484 | D:4      | Noticed a necrophage
   485 | D:4      | Noticed Menkaure
   495 | D:4      | Killed a necrophage
   495 | D:4      | Noticed a scorpion
   496 | D:4      | Reached XP level 4. HP: 21/39 MP: 3/3
   502 | D:4      | Reached XP level 5. HP: 33/45 MP: 4/4
   506 | D:4      | Reached skill level 5 in Armour
   507 | D:4      | Killed Menkaure
   507 | D:4      | Reached ** piety under Trog
   508 | D:4      | Reached skill level 5 in Dodging
   508 | D:4      | Reached XP level 6. HP: 30/51 MP: 5/5
  1004 | D:5      | Entered Level 5 of the Dungeon
  1008 | D:5      | Noticed Eustachio
  1030 | D:4      | HP: 2/53 [Eustachio/+1 vampiric falchion (2)]
  1030 | D:4      | Slain by an orc wizard

Illustrated notes

Levels and vault maps discovered:
D:1:      ncdulo_watergridlock, layout_basic, basic_ecumenical_altar
D:2:      layout_basic, chequers_serial_rivers_micro_c
D:3:      layout_basic
D:4:      layout_gridville, minitemple, minmay_puff, uniq_menkaure,
          uniq_sigmund, uniq_ijyb
D:5:      layout_rooms, uniq_eustachio

Skill      XL: |  1  2  3  4  5  6 |
---------------+-------------------+-----
Armour         | 3 4 5 |  5.8
Dodging        | 3 4 5 |  5.3
Fighting       | 4 |  4.4
Axes           | |  3.6

Action                   |  1- 3 |  4- 6 || total
-------------------------+-------+-------++-------
Melee: Spear             |    39 |    43 ||    82
       Headbutt          |     5 |     7 ||    12
       Punch             |       |     1 ||     1
Invok: Berserk           |     1 |     2 ||     3
       Trog's Hand       |       |     1 ||     1
  Use: Scroll            |       |     2 ||     2
       Potion            |       |     1 ||     1
Armor: Leather armour    |    11 |    27 ||    38
       Animal skin       |     1 |       ||     1
Dodge: Dodged            |    19 |    44 ||    63
